AoeStats
← T115937

Black Forest

507043764Analyzed
4v4 RM · 15d ago on Sep 16, 2026· 34m 46s· 8 players
Game mode
Random Map
Map size
Large (8 player)
Population
200
Speed
Normal
Resources
Standard
Victory
Conquest
Starting age
Dark Age
Ending age
Imperial Age
RankedLock teamsTeams togetherTeam positionsShared explorationLock speedFull tech treeHidden civsTurbo modeCheats
Victory
Defeat
🇨🇳 Khmer · China
761
+10
🇨🇳 Persians · China
700
+12
🇨🇳 Huns · China
541
+19
🇦🇺 Mongols · Australia
493
+21
🇯🇵 Bohemians · Japan
867
-26
🇨🇱 Persians · Chile
626
-16
🇷🇴 Sicilians · Romania
552
-13
🇨🇳 Jurchens · China
384
-7
Severus Snape
16:18 Feudal Age
2394984800
10:55 Feudal Age
14:33 Castle Age
12:24 Double-Bit Axe
19:40 Wheelbarrow
21:53 Horse Collar
22:26 Bow Saw
22:04 Loom
24:55 Hand Cart
25:30 Gold Mining
26:34 Town Watch
28:39 Bloodlines
28:30 Husbandry
29:39 Scale Barding Armor
29:45 Forging
31:16 Chain Barding Armor
34:54 Imperial Age
32:53 Stone Mining
33:39 Gold Shaft Mining
33:22 Town Patrol
34:36 Iron Casting
35:08 Heavy Plow
35:52 Stone Shaft Mining
35:22 Padded Archer Armor
35:13 Fletching
36:25 Blast Furnace
36:00 Plate Barding Armor
TAGRNM
0:28 Loom
12:26 Feudal Age
16:33 Castle Age
16:46 Stone Mining
17:54 Horse Collar
18:33 Bloodlines
26:13 Fervor
27:59 Scale Barding Armor
36:20 Imperial Age
不知名南波湾
0:40 Loom
12:21 Feudal Age
14:25 Wheelbarrow
15:37 Horse Collar
20:08 Double-Bit Axe
20:21 Gold Mining
20:26 Stone Mining
24:36 Castle Age
23:52 Town Watch
27:15 Scale Barding Armor
27:20 Forging
27:54 Husbandry
28:05 Heavy Plow
28:37 Bow Saw
30:58 Hand Cart
35:48 Imperial Age
35:09 Bloodlines
35:22 Chain Barding Armor
35:38 Iron Casting
bottl
13:29 Feudal Age
11:44 Loom
14:02 Horse Collar
20:53 Double-Bit Axe
29:53 Castle Age
27:39 Town Watch
29:26 Forging
32:24 Pikeman
photphet
0:54 Loom
14:41 Feudal Age
15:22 Double-Bit Axe
21:12 Castle Age
21:24 Wheelbarrow
21:42 Town Watch
22:12 Bow Saw
T115937
13:31 Feudal Age
17:15 Arson
27:52 Castle Age
27:35 Man-at-Arms
27:41 Pikeman
29:23 Scale Mail Armor
Elite Savage
Connection lost

Rejoining the realm…

Still unreachable

The connection could not be restored.

Session expired

The server has moved on; the page needs a fresh start.